 Dungeon Crawl Stone Soup version 0.29.0-4-gdea44cf6ec (webtiles) character file.

Game seed: 2378661625079514651

7486 qw the Cleaver (level 10, -6/103 HPs)
             Began as a Minotaur Berserker on Sept 9, 2022.
             Was a Priest of Trog.
             Mangled by a five-headed hydra (7 damage)
             ... on level 8 of the Dungeon.
             The game lasted 00:02:53 (8970 turns).

qw the Cleaver (Minotaur Berserker)                 Turns: 8970, Time: 00:02:54

Health: -6/103     AC: 16    Str: 26    XL:     10   Next: 94%
Magic:  9/9        EV: 10    Int:  4    God:    Trog [***...]
Gold:   472        SH:  0    Dex: 16    Spells: 9/9 levels left

rFire   . . .      SeeInvis .   Y - +2 hand axe (flame)
rCold   . . .      Faith    .   (no shield)
rNeg    . . .      Spirit   .   n - +0 plate armour
rPois   .          Reflect  .   (helmet restricted)
rElec   .          Harm     .   (no cloak)
rCorr   .          Rampage  .   f - +0 pair of gloves
Will    ++...                   (no boots)
Stlth   ..........              i - amulet of the acrobat
HPRegen 1.27/turn               p - +6 ring of dexterity
MPRegen 0.11/turn               (no ring)

@: about to teleport, strong-willed, on berserk cooldown, regenerating, slowed,
very slow
A: horns 2, retaliatory headbutt, robust 1, shaggy fur 1
a: Renounce Religion, Berserk, Trog's Hand


You were on level 8 of the Dungeon.
You worshipped Trog.
Trog was most pleased with you.
You visited 1 branch of the dungeon, and saw 8 of its levels.

You collected 472 gold pieces.


Innate Abilities, Weirdness & Mutations

You have a pair of horns on your head.
You reflexively headbutt those who attack you in melee.
You are robust. (+10% HP)
You are covered in fur. (AC +1)


   Skills:
 - Level 10.3 Fighting
 - Level 14.0 Axes
 - Level 3.7 Throwing
 + Level 8.6 Armour
 - Level 5.9 Dodging


You had 9 spell levels left.
You didn't know any spells.
Your spell library was empty.

Inventory:

Hand Weapons
 Y - a +2 hand axe of flaming (weapon)
Missiles
 r - 2 boomerangs (quivered)
Armour
 f - a +0 pair of gloves (worn)
 n - a +0 plate armour (worn)
Jewellery
 i - an amulet of the acrobat (around neck)
 k - an amulet of regeneration
 p - a +6 ring of dexterity (left hand)
Scrolls
 a - 2 scrolls of identify
 l - 2 scrolls of teleportation
Potions
 d - a potion of haste
 e - a potion of lignification {unknown}
 h - a potion of heal wounds
 m - a potion of curing
 o - a potion of mutation

Dungeon Overview and Level Annotations

Branches:
Dungeon (8/15)             Temple (0/1) D:6            Lair (0/5) D:8

Altars:
Cheibriados
Dithmenos
Elyvilon
Gozag
Kikubaaqudgha
Nemelex Xobeh
Trog
Wu Jian
Xom

Shops:
D:7 :

Annotations:
D:3 2 runed translucent doors
D:5 3 runed translucent doors, qw's ghost, amateur MiFi; qw's ghost, novice BaCK; qw's ghost, novice GrBe


Message History

You can no longer call in reinforcements.
The centaur warrior shoots an arrow.
The arrow hits you!
The golden eye blinks!
The seven-headed hydra barely misses you.
You furiously retaliate!
You headbutt the seven-headed hydra! The seven-headed hydra bites you.
The seven-headed hydra bites you!
The seven-headed hydra bites you but does no damage.
The seven-headed hydra barely misses you.
The seven-headed hydra bites you but does no damage.
The seven-headed hydra barely misses you.
You chop one of the seven-headed hydra's heads off!
The flame cauterises the wound!
You hit the six-headed hydra. You burn the six-headed hydra.
You headbutt the six-headed hydra!
The six-headed hydra is heavily wounded.
The centaur warrior shoots an arrow.
The arrow hits you!
The six-headed hydra closely misses you.
The six-headed hydra bites you.
The six-headed hydra bites you but does no damage. x2
The six-headed hydra bites you. x2
The golden eye blinks at you. You resist with almost no effort.
You hear a shout!
You chop one of the six-headed hydra's heads off!
The flame cauterises the wound!
You hit the five-headed hydra. You burn the five-headed hydra.
The five-headed hydra is heavily wounded.
You slash the golden eye! You burn the golden eye.
The centaur warrior shoots an arrow.
The arrow hits you!
The five-headed hydra bites you but does no damage. x2
The five-headed hydra bites you. x2
The five-headed hydra barely misses you.
8970 ||| READING 3 scrolls of teleportation.
As you read the scroll of teleportation, it crumbles to dust.
You feel strangely unstable.
The golden eye pulsates ominously.
The golden eye blinks!
The centaur warrior unwields a +0 longbow.
The centaur warrior hits you but does no damage.
The centaur warrior kicks you but does no damage.
The five-headed hydra bites you! x2
You die...

#.#......... #.
#.#.#####..###...
#..##...:#...
####
#..####.####...
#..###.....###..
...###.#####.#
#.. #.####.## .#
## .. #.## .# ..
#@# # #.#
......c¤D...$?$
#.
##8.8##.#[..$..
#.# #.. #.##..?..
.. ## ##. #/=?#
## # ####


You could see a five-headed hydra and a centaur warrior.

Vanquished Creatures
  A hydra (D:8)
  2 two-headed ogres (D:8)
  Erica (D:8)
  A cyclops (D:8)
  Psyche (D:8)
  Grinder (D:6)
  Eustachio (D:4)
  4 yaks (D:8)
  Menkaure (D:4)
  An acid dragon (D:8)
  Edmund (D:4)
  A water moccasin (D:7)
  3 orc warriors
  2 black bears
  An ice beast (D:6)
  2 ogres
  4 centaurs
  5 phantoms
  Blork the orc (D:5)
  4 bullfrogs
  A kobold brigand (D:5)
  A scorpion (D:6)
  4 wights (D:7)
  A howler monkey (D:8)
  9 hounds
  4 orc priests
  An iguana (D:4)
  10 orc wizards
  Terence (D:3)
  Robin (D:4)
  3 adders (D:2)
  11 gnolls
  3 white imps
  A worm (D:2)
  3 dart slugs
  32 orcs
  7 ball pythons
  6 endoplasms
  3 giant cockroaches
  8 goblins
  9 hobgoblins
  6 quokkas
  6 bats
  4 frilled lizards
  10 kobolds
  4 rats
187 creatures vanquished.

Vanquished Creatures (others)
  20 plants
20 creatures vanquished.

Grand Total: 207 creatures vanquished

Notes
Turn   | Place    | Note
-------+----------+-------------------------------------------
     0 | D:1      | qw the Minotaur Berserker began the quest for the Orb.
     0 | D:1      | Reached XP level 1. HP: 19/19 MP: 0/0
     0 | D:1      | 0 ||| qw: Version: 0.1-a-113-g051387a
     0 | D:1      | 0 ||| qw: Game counter: 6958
     0 | D:1      | 0 ||| qw: Always use a shield: true
     0 | D:1      | 0 ||| qw: Do Orc after D:15 true
     0 | D:1      | 0 ||| qw: Do second Lair branch before Depths: true
     0 | D:1      | 0 ||| qw: Lair rune preference: random
     0 | D:1      | 0 ||| qw: Plans: Normal
     0 | D:1      | 0 ||| PLANNING D:1-11
   148 | D:1      | Reached skill level 4 in Axes
   243 | D:1      | 243 ||| Stepping ~*~*~tactically~*~*~ (stealth).
   248 | D:1      | 248 ||| Stepping ~*~*~tactically~*~*~ (stealth).
   249 | D:1      | 249 ||| Stepping ~*~*~tactically~*~*~ (stealth).
   258 | D:1      | 258 ||| DROPPING +0 club.
   315 | D:1      | 315 ||| Stepping ~*~*~tactically~*~*~ (stealth).
   332 | D:1      | Reached XP level 2. HP: 24/26 MP: 1/1
   622 | D:1      | Found a faded altar of an unknown god.
   804 | D:1      | 804 ||| UPGRADING to +0 leather armour.
   814 | D:1      | 814 ||| DROPPING +0 animal skin.
   815 | D:1      | 815 ||| UPGRADING to +0 pair of gloves.
   820 | D:1      | 820 ||| UPGRADING to amulet of the acrobat.
   825 | D:1      | 825 ||| READING 2 scrolls labelled ATHUSUCHOZO.
   953 | D:2      | 953 ||| Stepping ~*~*~tactically~*~*~ (stealth).
   958 | D:2      | 958 ||| Stepping ~*~*~tactically~*~*~ (stealth).
   978 | D:2      | 978 ||| INVOKING Berserk.
  1018 | D:2      | Reached skill level 5 in Axes
  1073 | D:2      | Reached XP level 3. HP: 26/31 MP: 2/2
  1251 | D:2      | Reached ** piety under Trog
  1664 | D:2      | 1664 ||| DROPPING ring of magical power.
  1665 | D:2      | 1665 ||| READING scroll labelled RAAMEBLEMN.
  1670 | D:2      | 1670 ||| READING 2 scrolls of identify.
  1670 | D:2      | 1670 ||| IDENTIFYING puce potion
  1671 | D:2      | 1671 ||| DROPPING potion of ambrosia.
  1680 | D:3      | 1680 ||| PLANNING SEWER
  1716 | D:3      | Found a snail-covered altar of Cheibriados.
  1761 | D:3      | Reached skill level 6 in Axes
  1761 | D:3      | Reached XP level 4. HP: 39/39 MP: 3/3
  1942 | D:3      | Noticed Terence
  1943 | D:3      | 1943 ||| READING scroll labelled RAKOCVUQUI.
  1946 | D:3      | 1946 ||| INVOKING Berserk.
  1952 | D:3      | Killed Terence
  2056 | D:3      | 2056 ||| DROPPING +0 whip.
  2151 | D:3      | 2151 ||| Stepping ~*~*~tactically~*~*~ (stealth).
  2153 | D:3      | 2153 ||| Stepping ~*~*~tactically~*~*~ (stealth).
  2161 | D:3      | 2161 ||| Stepping ~*~*~tactically~*~*~ (stealth).
  2328 | D:3      | Reached XP level 5. HP: 45/45 MP: 4/4
  2454 | D:3      | Found a glowing drain.
  2457 | D:3      | Reached skill level 7 in Axes
  2496 | D:3      | 2496 ||| UPGRADING to +0 chain mail.
  2506 | D:3      | 2506 ||| DROPPING +0 leather armour.
  2507 | D:3      | 2507 ||| READING scroll labelled VEAREA ME AMISK.
  2508 | D:3      | 2508 ||| READING scroll labelled JEKIPOXEHO.
  2509 | D:3      | 2509 ||| READING scroll labelled POALIDISI.
  2510 | D:3      | 2510 ||| DRINKING 2 smoky clear potions.
  2511 | D:3      | 2511 ||| DRINKING 4 bubbling black potions.
  2512 | D:3      | 2512 ||| READING 2 scrolls of identify.
  2512 | D:3      | 2512 ||| IDENTIFYING orange potion
  2513 | D:3      | 2513 ||| RIP SEWER
  2513 | D:3      | 2513 ||| PLANNING D:1-11
  2513 | D:3      | 2513 ||| READING 3 scrolls of teleportation.
  2555 | D:3      | 2555 ||| STAIRDANCE
  2557 | D:2      | 2557 ||| INVOKING Berserk.
  2646 | D:3      | 2646 ||| INVOKING Berserk.
  2648 | D:3      | 2648 ||| STAIRDANCE
  2653 | D:3      | 2653 ||| STAIRDANCE
  2774 | D:3      | 2774 ||| INVOKING Berserk.
  2958 | D:3      | Found a large runed translucent door.
  2959 | D:3      | Found a large runed translucent door.
  2960 | D:3      | Found a shimmering altar of Xom.
  3279 | D:4      | Noticed Menkaure
  3279 | D:4      | Noticed an ogre
  3282 | D:4      | 3282 ||| INVOKING Berserk.
  3285 | D:4      | Killed an ogre
  3286 | D:4      | Reached XP level 6. HP: 52/52 MP: 5/5
  3288 | D:4      | Killed Menkaure
  3289 | D:4      | Reached skill level 8 in Axes
  3554 | D:4      | Reached skill level 9 in Axes
  3631 | D:4      | 3631 ||| INVOKING Berserk.
  3635 | D:4      | Reached skill level 3 in Armour
  3635 | D:4      | Reached XP level 7. HP: 59/59 MP: 6/6
  3819 | D:4      | 3819 ||| Stepping ~*~*~tactically~*~*~ (stealth).
  3822 | D:4      | 3822 ||| Stepping ~*~*~tactically~*~*~ (stealth).
  3824 | D:4      | 3824 ||| Stepping ~*~*~tactically~*~*~ (stealth).
  3826 | D:4      | Noticed Robin
  3827 | D:4      | 3827 ||| Stepping ~*~*~tactically~*~*~ (hiding).
  3832 | D:4      | 3832 ||| Stepping ~*~*~tactically~*~*~ (stealth).
  3833 | D:4      | 3833 ||| Stepping ~*~*~tactically~*~*~ (stealth).
  3835 | D:4      | 3835 ||| INVOKING Berserk.
  3837 | D:4      | Killed Robin
  4033 | D:4      | Noticed Eustachio
  4034 | D:4      | 4034 ||| INVOKING Berserk.
  4038 | D:4      | Killed Eustachio
  4202 | D:4      | Found a white marble altar of Elyvilon.
  4202 | D:4      | Found a shadowy altar of Dithmenos.
  4250 | D:4      | Noticed Edmund
  4253 | D:4      | 4253 ||| INVOKING Berserk.
  4258 | D:4      | Killed Edmund
  4575 | D:4      | 4575 ||| READING scroll labelled NIDOET NAIMEU.
  4576 | D:4      | 4576 ||| READING scroll labelled PABBYHORYGOU.
  4577 | D:4      | 4577 ||| READING scroll labelled WEYCRIOSTU.
  4622 | D:5      | Entered Level 5 of the Dungeon
  4625 | D:5      | 4625 ||| Stepping ~*~*~tactically~*~*~ (stealth).
  4633 | D:5      | 4633 ||| Stepping ~*~*~tactically~*~*~ (stealth).
  4642 | D:5      | Reached skill level 10 in Axes
  4695 | D:5      | 4695 ||| Stepping ~*~*~tactically~*~*~ (hiding).
  4791 | D:5      | 4791 ||| Stepping ~*~*~tactically~*~*~ (stealth).
  4792 | D:5      | 4792 ||| Stepping ~*~*~tactically~*~*~ (stealth).
  4793 | D:5      | 4793 ||| Stepping ~*~*~tactically~*~*~ (hiding).
  4798 | D:5      | 4798 ||| INVOKING Berserk.
  4801 | D:5      | Reached skill level 1 in Throwing
  4803 | D:5      | Reached skill level 6 in Fighting
  4803 | D:5      | Reached XP level 8. HP: 70/70 MP: 7/7
  4880 | D:5      | 4880 ||| Stepping ~*~*~tactically~*~*~ (stealth).
  4881 | D:5      | 4881 ||| Stepping ~*~*~tactically~*~*~ (stealth).
  4889 | D:5      | 4889 ||| Stepping ~*~*~tactically~*~*~ (stealth).
  4896 | D:5      | 4896 ||| Stepping ~*~*~tactically~*~*~ (stealth).
  4897 | D:5      | 4897 ||| Stepping ~*~*~tactically~*~*~ (stealth).
  5006 | D:5      | 5006 ||| DRINKING 3 potions of curing.
  5006 | D:5      | 5006 ||| (to cure confusion)
  5020 | D:5      | Reached *** piety under Trog
  5021 | D:5      | 5021 ||| INVOKING Berserk.
  5127 | D:5      | Noticed Blork the orc
  5129 | D:5      | 5129 ||| INVOKING Berserk.
  5133 | D:5      | Killed Blork the orc
  5164 | D:5      | 5164 ||| Stepping ~*~*~tactically~*~*~ (stealth).
  5168 | D:5      | Reached skill level 11 in Axes
  5171 | D:5      | 5171 ||| FLEEEEING.
  5226 | D:5      | 5226 ||| Stepping ~*~*~tactically~*~*~ (hiding).
  5275 | D:5      | 5275 ||| FLEEEEING.
  5276 | D:5      | 5276 ||| FLEEEEING.
  5278 | D:5      | 5278 ||| FLEEEEING.
  5279 | D:5      | 5279 ||| FLEEEEING.
  5280 | D:5      | 5280 ||| FLEEEEING.
  5281 | D:5      | 5281 ||| FLEEEEING.
  5282 | D:5      | 5282 ||| FLEEEEING.
  5283 | D:5      | 5283 ||| FLEEEEING.
  5283 | D:5      | Found a runed translucent gate.
  5284 | D:5      | 5284 ||| FLEEEEING.
  5285 | D:5      | 5285 ||| FLEEEEING.
  5286 | D:5      | 5286 ||| FLEEEEING.
  5287 | D:5      | 5287 ||| FLEEEEING.
  5288 | D:5      | 5288 ||| FLEEEEING.
  5289 | D:5      | 5289 ||| FLEEEEING.
  5292 | D:5      | 5292 ||| FLEEEEING.
  5293 | D:5      | 5293 ||| FLEEEEING.
  5386 | D:5      | Found a runed translucent gate.
  5386 | D:5      | Noticed qw's ghost (amateur MiFi)
  5386 | D:5      | Noticed qw's ghost (novice GrBe)
  5387 | D:5      | Found a runed translucent gate.
  5387 | D:5      | Noticed qw's ghost (novice BaCK)
  5474 | D:5      | 5474 ||| Stepping ~*~*~tactically~*~*~ (stealth).
  5653 | D:5      | 5653 ||| Stepping ~*~*~tactically~*~*~ (stealth).
  5654 | D:5      | 5654 ||| Stepping ~*~*~tactically~*~*~ (stealth).
  5662 | D:5      | 5662 ||| INVOKING Berserk.
  5666 | D:5      | Reached skill level 12 in Axes
  5919 | D:5      | 5919 ||| Stepping ~*~*~tactically~*~*~ (stealth).
  5959 | D:5      | 5959 ||| Stepping ~*~*~tactically~*~*~ (stealth).
  6177 | D:5      | 6177 ||| DROPPING amulet of guardian spirit.
  6178 | D:5      | 6178 ||| UPGRADING to +6 ring of dexterity.
  6179 | D:5      | 6179 ||| READING scroll labelled WULAIWKIN.
  6280 | D:5      | 6280 ||| READING 3 scrolls of identify.
  6280 | D:5      | 6280 ||| IDENTIFYING cyan potion
  6281 | D:5      | 6281 ||| READING 2 scrolls of identify.
  6281 | D:5      | 6281 ||| IDENTIFYING white potion
  6282 | D:5      | 6282 ||| DROPPING potion of attraction.
  6283 | D:5      | 6283 ||| DROPPING potion of flight.
  6328 | D:6      | 6328 ||| Stepping ~*~*~tactically~*~*~ (hiding).
  6329 | D:6      | 6329 ||| Stepping ~*~*~tactically~*~*~ (hiding).
  6392 | D:6      | Reached skill level 3 in Dodging
  6522 | D:6      | Reached XP level 9. HP: 79/79 MP: 8/8
  6569 | D:6      | 6569 ||| READING scroll of enchant weapon.
  6569 | D:6      | 6569 ||| ENCHANTING +1 hand axe of flaming.
  6640 | D:6      | Found a staircase to the Ecumenical Temple.
  6661 | D:6      | 6661 ||| Stepping ~*~*~tactically~*~*~ (stealth).
  6673 | D:6      | 6673 ||| INVOKING Berserk.
  6704 | D:6      | 6704 ||| Stepping ~*~*~tactically~*~*~ (stealth).
  6739 | D:6      | Found a bloodstained altar of Trog.
  6810 | D:6      | Noticed Grinder
  6811 | D:6      | 6811 ||| INVOKING Trog's Hand.
  6812 | D:6      | 6812 ||| INVOKING Berserk.
  6815 | D:6      | Killed Grinder
  6816 | D:6      | Reached skill level 13 in Axes
  7073 | D:6      | Found an ornate altar of the Wu Jian Council.
  7090 | D:6      | 7090 ||| INVOKING Berserk.
  7308 | D:6      | 7308 ||| UPGRADING to +0 plate armour.
  7318 | D:6      | 7318 ||| DROPPING +0 chain mail.
  7319 | D:6      | 7319 ||| READING scroll labelled FOYSKI ENGAEMO.
  7320 | D:6      | 7320 ||| READING scroll labelled HUORPHU UTAO.
  7321 | D:6      | 7321 ||| READING scroll labelled IJOFEWODUPN.
  7322 | D:6      | 7322 ||| DRINKING 2 green potions.
  7322 | D:6      | Gained mutation: You are covered in fur. (AC +1) [potion of
                  | mutation]
  7322 | D:6      | Gained mutation: You are robust. (+10% HP) [potion of
                  | mutation]
  7356 | D:5      | Found an opulent altar of Gozag.
  7391 | D:7      | 7391 ||| Stepping ~*~*~tactically~*~*~ (hiding).
  7399 | D:7      | 7399 ||| STAIRDANCE
  7408 | D:6      | 7408 ||| DRINKING 3 potions of curing.
  7408 | D:6      | 7408 ||| (to cure confusion)
  7481 | D:7      | 7481 ||| Stepping ~*~*~tactically~*~*~ (hiding).
  7482 | D:7      | 7482 ||| Stepping ~*~*~tactically~*~*~ (hiding).
  7518 | D:7      | Found a sparkling altar of Nemelex Xobeh.
  7544 | D:7      | Reached skill level 6 in Armour
  7642 | D:7      | 7642 ||| Stepping ~*~*~tactically~*~*~ (stealth).
  7644 | D:7      | 7644 ||| Stepping ~*~*~tactically~*~*~ (stealth).
  7647 | D:7      | 7647 ||| Stepping ~*~*~tactically~*~*~ (stealth).
  7653 | D:7      | 7653 ||| Stepping ~*~*~tactically~*~*~ (hiding).
  7654 | D:7      | 7654 ||| INVOKING Berserk.
  7965 | D:7      | 7965 ||| Stepping ~*~*~tactically~*~*~ (stealth).
  7967 | D:7      | 7967 ||| Stepping ~*~*~tactically~*~*~ (hiding).
  7968 | D:7      | 7968 ||| INVOKING Berserk.
  7984 | D:7      | Reached skill level 14 in Axes
  8170 | D:7      | Found Zughuot's Book Shop.
  8247 | D:7      | 8247 ||| DRINKING 2 ruby potions.
  8248 | D:7      | 8248 ||| READING 2 scrolls of identify.
  8248 | D:7      | 8248 ||| IDENTIFYING glowing emerald potion
  8249 | D:7      | 8249 ||| DROPPING potion of berserk rage.
  8250 | D:7      | 8250 ||| DROPPING potion of brilliance.
  8275 | D:8      | Noticed a two-headed ogre
  8277 | D:8      | 8277 ||| INVOKING Berserk.
  8280 | D:8      | Killed a two-headed ogre
  8281 | D:8      | Reached XP level 10. HP: 96/96 MP: 9/9
  8386 | D:8      | Found a staircase to the Lair.
  8416 | D:8      | Found an ancient bone altar of Kikubaaqudgha.
  8654 | D:8      | Noticed Erica
  8655 | D:8      | 8655 ||| Stepping ~*~*~tactically~*~*~ (hiding).
  8656 | D:8      | 8656 ||| Stepping ~*~*~tactically~*~*~ (hiding).
  8662 | D:8      | 8662 ||| INVOKING Berserk.
  8665 | D:8      | Killed Erica
  8666 | D:8      | Reached skill level 9 in Fighting
  8854 | D:8      | 8854 ||| Stepping ~*~*~tactically~*~*~ (hiding).
  8856 | D:8      | 8856 ||| INVOKING Berserk.
  8871 | D:8      | Noticed Psyche
  8875 | D:8      | Killed Psyche
  8933 | D:8      | Noticed a centaur warrior
  8949 | D:8      | Noticed a two-headed ogre
  8949 | D:8      | Noticed a seven-headed hydra
  8949 | D:8      | Noticed an eight-headed hydra
  8949 | D:8      | Noticed a cyclops
  8950 | D:8      | 8950 ||| Stepping ~*~*~tactically~*~*~ (stealth).
  8951 | D:8      | 8951 ||| INVOKING Berserk.
  8954 | D:8      | Killed a two-headed ogre
  8955 | D:8      | Reached skill level 3 in Throwing
  8960 | D:8      | Killed a five-headed hydra
  8960 | D:8      | Reached **** piety under Trog
  8964 | D:8      | Killed a cyclops
  8966 | D:8      | 8966 ||| DRINKING 2 potions of curing.
  8966 | D:8      | 8966 ||| (to cure confusion)
  8967 | D:8      | 8967 ||| INVOKING Trog's Hand.
  8969 | D:8      | HP: 18/103 [centaur warrior/arrow (12)]
  8969 | D:8      | HP: 8/103 [five-headed hydra (5)]
  8970 | D:8      | 8970 ||| READING 3 scrolls of teleportation.
  8970 | D:8      | HP: 1/103 [five-headed hydra (9)]
  8970 | D:8      | Mangled by a five-headed hydra

Levels and vault maps discovered:
D:1:      lemuel_arrival_tunnels, layout_basic,
          dreamdust_ecumenical_altar_statues
D:2:      layout_rooms, dreamdust_princess_corridor
D:3:      due_chaos_kobolds, layout_loops_ring, kennysheep_slug_shrine,
          gup_sewer_entry_pipe, serial_forest, infiniplex_forest_clump_C,
          infiniplex_forest_lined_2, infiniplex_forest_clump_medium,
          infiniplex_forest_lined_2, infiniplex_forest_end_1,
          infiniplex_forest_clump_cross, infiniplex_forest_lined_3,
          kennysheep_cluttered_room, uniq_terence
D:4:      nicolae_cairo_tiling_large, layout_cave_pools,
          gammafunk_temple_overflow_wave, eino_small_chamber_without_monster,
          uniq_menkaure, uniq_eustachio, uniq_robin, uniq_edmund
D:5:      layout_loops_ring, nicolae_overflow_hidden_temple,
          gammafunk_ghost_cemetery, lexackson_kobold_supper, uniq_blork_the_orc
D:6:      layout_loops_ring, lemuel_doored_altar, trog_three_pillars_becter,
          temple_fountains, uniq_grinder
D:7:      layout_loops_cross, nemelex_diamond_rough_becter, serial_shops,
          nicolae_shop_statue_plus, feat_on_display
D:8:      minmay_the_grid_octo_tiled_octocenter
          [minmay_the_grid_octo_vomiting_pacman, minmay_the_grid_octo_teeth,
          minmay_the_grid_octo_odd_swirl, minmay_the_grid_octo_77,
          minmay_the_grid_octo_prize_big_c,
          minmay_the_grid_square_5x5_half_checkered,
          minmay_the_grid_square_5x5_inner_v,
          minmay_the_grid_square_5x5_fancy_junction,
          minmay_the_grid_square_5x5_three_small], layout_basic,
          mainiacjoe_overflow_cross_hatched, uniq_erica, uniq_psyche

Skill      XL: |  1  2  3  4  5  6  7  8  9 10 |
---------------+-------------------------------+-----
Axes           | 4 5 6 7 9 10 12 14 | 14.0
Fighting       | 4 6 7 8 10 | 10.3
Armour         | 3 4 7 8 |  8.6
Throwing       | 1 3 |  3.7
Dodging        | 3 5 |  5.9

Action                   |  1- 3 |  4- 6 |  7- 9 | 10-12 || total
-------------------------+-------+-------+-------+-------++-------
Melee: Hand axe          |    79 |    65 |   262 |    49 ||   455
       Headbutt          |     8 |     8 |    44 |    14 ||    74
       Punch             |       |     1 |     2 |       ||     3
Throw: Boomerang         |     2 |    21 |    50 |     4 ||    77
Invok: Berserk           |     1 |     6 |    13 |     3 ||    23
       Trog's Hand       |       |       |     1 |     1 ||     2
  Use: Scroll            |     3 |     6 |    11 |     1 ||    21
       Potion            |       |     2 |     4 |     1 ||     7
Armor: Leather armour    |    10 |     7 |       |       ||    17
       Animal skin       |     3 |       |       |       ||     3
       Chain mail        |       |    13 |    75 |       ||    88
       Plate armour      |       |       |    18 |    23 ||    41
Dodge: Dodged            |    39 |    30 |    71 |    20 ||   160

Table legend:
 A = Non-vault XP
 B = Vault XP
 C = Vault XP percentage of total XP
 D = Non-vault monster count
 E = Vault monster count
 F = Vault count percentage of total count
                 A         B        C        D         E       F
            +---------+---------+-------+---------+---------+-------
      Total |    5844 |    4851 |  45.4 |     150 |      37 |  19.8
            +---------+---------+-------+---------+---------+-------
        D:1 |      21 |       0 |   0.0 |      13 |       0 |   0.0
        D:2 |      98 |       0 |   0.0 |      19 |       0 |   0.0
        D:3 |     102 |      46 |  31.1 |      19 |       7 |  26.9
        D:4 |     386 |     566 |  59.5 |      14 |      12 |  46.2
        D:5 |     930 |     205 |  18.1 |      31 |       9 |  22.5
        D:6 |    1298 |     286 |  18.1 |      23 |       1 |   4.2
        D:7 |    1068 |       0 |   0.0 |      23 |       0 |   0.0
        D:8 |    1941 |    3748 |  65.9 |       8 |       8 |  50.0
            +---------+---------+-------+---------+---------+-------
